Map: 2000 Atmospheres LE

Players

Reynor - Winner!

  • Race: Zerg Zerg

Krystianer

  • Race: Protoss Protoss

Event: DreamHack SC2 Masters 2021 Fall

VOD

Have the link to the VOD?

Description

Time

  • Played on: Aug. 6, 2021, 12:28 p.m.
  • Length: 4:23

All games in this series

Show
View Real Time Build Order
Export as new Build Order

Reynor Zerg - Winner!

Build Orders: Hatch First 

Get SALT Encoding   

  12  0:00  Drone  
  13  0:12  Overlord  
  13  0:16  Drone  
  14  0:30  Drone x2  
  16  0:42  Drone  
  17  0:52  Hatchery  
  17  0:54  Drone  
  17  0:58  Drone  
  18  1:08  Extractor  
  17  1:14  Drone  
  17  1:16  Spawning Pool  
  17  1:20  Drone  
  18  1:27  Drone  
  19  1:39  Drone  
  20  1:49  Overlord  
  20  2:03  Queen x2  
  20  2:04  Zergling x4  
  26  2:11  Metabolic Boost  
  26  2:13  Drone  
  26  2:15  Zergling x2  
  28  2:21  Zergling x2  
  29  2:30  Zergling x2  
  30  2:38  Hatchery  
  30  2:41  Zergling x4  
  31  2:47  Overlord  
  31  2:56  Drone x2  
  33  3:04  Overlord  
  33  3:05  Zergling x2  
  34  3:11  Zergling x6  
  34  3:12  Drone x2  
  39  3:16  Zergling x2  
  39  3:19  Overlord  
  40  3:26  Zergling x4  
  40  3:31  Zergling x2  
  39  3:38  Zergling x2  
  37  3:49  Drone x2  
  37  3:58  Zergling x6  
  37  4:01  Zergling x2  
  40  4:03  Zergling x2  
Show
View Real Time Build Order
Export as new Build Order

Krystianer Protoss 

Build Orders: 1 Gate Expand 

Get SALT Encoding   

  12  0:00  Probe  
  13  0:12  Probe  
  14  0:18  Pylon  
  14  0:24  Probe (Chrono Boost)  
  15  0:37  Probe (Chrono Boost)  
  15  0:40  Gateway  
  16  0:45  Probe (Chrono Boost)  
  16  0:49  Assimilator  
  17  0:52  Probe  
  18  1:04  Probe  
  19  1:17  Probe  
  20  1:27  Nexus  
  20  1:38  Cybernetics Core  
  20  1:41  Probe  
  20  1:46  Assimilator  
  21  1:53  Probe  
  22  1:56  Pylon  
  22  2:05  Probe  
  23  2:12  Adept (Chrono Boost)  
  25  2:17  Probe  
  26  2:24  Stargate  
  27  2:30  Probe (Chrono Boost)  
  27  2:32  Adept (Chrono Boost)  
  29  2:40  Probe (Chrono Boost)  
  31  2:48  Probe (Chrono Boost)  
  31  2:49  Probe (Chrono Boost)  
  32  2:54  Probe x2 (Chrono Boost)  
  32  2:55  Adept  
  36  3:00  Void Ray (Chrono Boost)  
  36  3:06  Probe  
  36  3:10  Probe  
  42  3:16  Assimilator  
  42  3:18  Assimilator  
  42  3:21  Probe  
  42  3:23  Probe  
  44  3:33  Probe  
  40  3:36  Probe  
  35  3:45  Probe  
  34  3:48  Probe  
  31  3:57  Probe  
  31  4:00  Probe  
  34  4:09  Probe  

Tags
 
Add a new tag
Caveats
  • Supply blocks, unpowered buildings, or Contaminate may cause inaccurate times.
  • Supply counts are checked every 10 seconds.